 Dungeon Crawl Stone Soup version 0.17-a0-1337-ge651487 (webtiles) character file.

1901935 Gorice the Sorcerer (level 27, 199/199 HPs)
             Began as a Deep Elf Conjurer on May 31, 2015.
             Was the Champion of Dithmenos.
             Escaped with the Orb
             ... and 4 runes on June 10, 2015!
             The game lasted 18:30:41 (110861 turns).

Gorice the Sorcerer (Deep Elf Conjurer)           Turns: 110861, Time: 18:30:41

Health: 199/199    AC: 36    Str:  9    XL:     27
Magic:  41/52      EV: 26    Int: 30    God:    Dithmenos [******]
Gold:   2595       SH:  6    Dex: 18    Spells: 20 memorised, 3 levels left

rFire  + + +     SeeInvis +     c - +9 eudemon blade (holy)
rCold  . . .     Clarity  .     q - +3 scale mail "Magh" {rF+++}
rNeg   . . .     SustAt   .     j - +0 buckler {AC+3}
rPois  +         Gourm    .     u - +2 helmet
rElec  +         Spirit   .     H - +2 cloak {MR+}
rCorr  .         Warding  .     x - +4 pair of gloves of the Morning {rPois}
rMut   .         Stasis   .     O - +2 pair of boots {run}
MR     +++..                    Z - amulet of Vitality {Regen+ HP+15}
Stlth  +.........               D - ring "Fyufrien" {+cTele Dex+3 SInv}
                                M - +6 ring of evasion

@: wreathed by umbra, repel missiles, quick, extremely resistant to hostile
enchantments, very unstealthy
A: rugged brown scales 1, electricity resistance, spit poison 1
a: Spit Poison, Shadow Step, Shadow Form, Renounce Religion, Evoke Teleport
Control
0: Orb of Zot
}: 4/15 runes: barnacled, slimy, silver, gossamer


You escaped.
You worshipped Dithmenos.
Dithmenos was exalted by your worship.
You were not hungry.

You visited 12 branches of the dungeon, and saw 63 of its levels.
You visited 1 bazaar.
You also visited: Ice Cave and Volcano.

You collected 10445 gold pieces.
You spent 7850 gold pieces at shops.

Inventory:

Hand weapons
 b - a +9 demon blade of freezing
   (You took it off Mara on level 3 of the Elven Halls)
 c - a +9 eudemon blade of holy wrath (weapon)
   (You took it off Mennas on level 3 of the Crypt)
 B - a +8 blowgun
Missiles
 Y - 7 curare-tipped needles
Armour
 j - a +0 buckler of protection (worn)
   (You took it off a tengu reaver on level 2 of the Depths)
 q - the +3 scale mail "Magh" (worn) {rF+++}
   (You bought it in a shop on level 4 of the Orcish Mines)

   It renders you almost immune to fire.
 u - a +2 helmet (worn)
 x - the +4 pair of gloves of the Morning (worn) {rPois}
   (You bought it in a shop on level 4 of the Orcish Mines)

   It protects you from poison.
 H - a +2 cloak of magic resistance (worn)
   (You took it off a draconian monk on level 2 of the Realm of Zot)
 O - a +2 pair of boots of running (worn)
   (You bought it in a shop on level 4 of the Orcish Mines)
Magical staves
 a - an uncursed staff of conjuration
 E - an uncursed staff of energy
Rods
 L - a +4 lightning rod (12/12) {!a}
   (You took it off a deep elf high priest on level 3 of the Elven Halls)
 S - a +3 rod of shadows (13/13) {!a}
   (You bought it in a shop on level 2 of the Orcish Mines)
Jewellery
 h - the amulet of Xeilagh {rMut rC+}
   (You found it on level 3 of the Lair of Beasts)

   [amulet of resist mutation]

   It protects you from mutation.
   It protects you from cold.
 k - an uncursed amulet of stasis
 l - a ring of the Octopus King {rC+ AC+1 EV+1 Str+1 Int+1 Dex+1}
   (You bought it in a shop in a bazaar)

   [ring of protection from cold]

   It affects your AC (+1).
   It affects your evasion (+1).
   It affects your strength (+1).
   It affects your intelligence (+1).
   It affects your dexterity (+1).
   It protects you from cold.
 m - the amulet of the Four Winds {Clar rN+ MR+++}
   (You found it on level 3 of the Shoals)

   [amulet of clarity]

   It provides mental clarity.
   It protects you from negative energy.
   It affects your resistance to hostile enchantments.
 D - the ring "Fyufrien" (right hand) {+cTele Dex+3 SInv}
   (You found it on level 5 of the Vaults)

   [ring of teleport control]

   It can be evoked for teleport control.
   It affects your dexterity (+3).
   It lets you see invisible.
 K - the ring "Tapnu Xien" {+Fly MR+}
   (You found it on level 5 of the Vaults)

   [ring of flight]

   It affects your resistance to hostile enchantments.
   It lets you fly.
 M - a +6 ring of evasion (left hand)
 Q - an uncursed amulet of resist corrosion
 X - an uncursed ring of sustain attributes
 Z - the amulet of Vitality (around neck) {Regen+ HP+15}
   (You found it on level 5 of the Vaults)

   [amulet of regeneration]

   It affects your health (+15).
   It increases your rate of regeneration.
Magical devices
 e - a wand of digging (6)
 s - a wand of heal wounds (9) {!d}
 v - a wand of hasting (6) {!d}
 C - a wand of disintegration (9)
 I - a wand of teleportation (9) {!d}
Scrolls
 d - 2 scrolls of blinking
 p - 4 scrolls of fog
 t - 10 scrolls of identify
 w - 25 scrolls of remove curse
 A - 3 scrolls of teleportation {!r}
 G - 6 scrolls of fear {!r}
 T - 2 scrolls of holy word {!r}
 V - 4 scrolls of magic mapping {!r}
 W - 7 scrolls of recharging
Potions
 f - 3 potions of magic {!q}
 i - 10 potions of heal wounds {!q}
 n - 5 potions of cancellation {!q}
 z - 6 potions of cure mutation {!q}
 F - 5 potions of resistance {!q}
 J - 22 potions of curing
 P - 8 potions of agility {!q}
 U - 6 potions of might {!q}
Miscellaneous
 r - a phantom mirror
 R - a fan of gales
Comestibles
 g - 42 fruits
 o - 14 meat rations {!e}
 y - 18 bread rations {!e}


   Skills:
 + Level 19.8 Fighting
 - Level 14.4 Long Blades
 + Level 19.8 Armour
 - Level 20.0 Dodging
 - Level 2.4 Stealth
 - Level 5.0 Shields
 - Level 23.0 Spellcasting
 - Level 18.2 Conjurations
 - Level 6.1 Hexes
 - Level 11.2 Charms
 - Level 10.0 Necromancy
 - Level 3.0 Translocations
 - Level 13.0 Ice Magic
 - Level 9.0 Air Magic
 - Level 11.0 Earth Magic
 - Level 15.0 Invocations
 - Level 15.0 Evocations


You had 3 spell levels left.
You knew the following spells:

 Your Spells              Type           Power        Failure   Level  Hunger
a - Magic Dart            Conj           ####         0%          1    None
b - Searing Ray           Conj           ######       0%          2    None
c - Dazzling Spray        Conj/Hex       #######.     1%          3    None
d - Iskenderun's Mystic   Conj           #######.     1%          4    None
e - Fulminant Prism       Conj/Hex       #######...   1%          4    None
f - Iskenderun's Battles  Conj/Chrm      #######.     1%          5    None
h - Iron Shot             Conj/Erth      #######...   1%          6    None
i - Freezing Cloud        Conj/Ice/Air   #######...   1%          6    None
j - Dispel Undead         Necr           #######.     1%          5    None
o - Orb of Destruction    Conj           #######...   1%          7    #......
A - Apportation           Tloc           ######....   1%          1    None
B - Summon Butterflies    Summ           ####....     3%          1    None
H - Haste                 Chrm           #######.     4%          6    None
J - Blink                 Tloc           N/A          1%          2    None
M - Repel Missiles        Chrm/Air       ######       1%          2    None
O - Ozocubu's Armour      Chrm/Ice       #######.     1%          3    None
R - Regeneration          Chrm/Necr      #######...   1%          3    None
S - Swiftness             Chrm/Air       #######.     1%          2    None
T - Control Teleport      Chrm/Tloc      ######....   1%          4    None
U - Sublimation of Blood  Necr           #######...   1%          2    None


Dungeon Overview and Level Annotations

Branches:
Dungeon (15/15)            Temple (1/1) D:6            Lair (8/8) D:10
 Shoals (4/4) Lair:5       Spider (4/4) Lair:6        Slime (6/6) Lair:7
    Orc (4/4) D:10            Elf (3/3) Orc:3        Vaults (5/5) D:13
  Crypt (3/3) Vaults:2       Tomb (0/3) Crypt:3      Depths (5/5) D:15
    Zot (5/5) Depths:5

Altars:
Ashenzari
Cheibriados
Dithmenos
Elyvilon
Fedhas
Gozag
Kikubaaqudgha
Makhleb
Nemelex Xobeh
Okawaru
Qazlal
Ru
Sif Muna
Trog
Vehumet
Xom
Yredelemnul
Zin
The Shining One
Beogh
Jiyva

Shops:
D:5 ?   D:6 *   D:9 :   D:10 *%   D:13 ?   Orc:2 }   Orc:4 [**[   Elf:1 %
Shoals:4 *   Depths:1 *:   Depths:3 :

Portals:
Hell: Lair:8 Depths:1 Depths:2 Depths:3 Depths:4 Depths:5
Abyss: Depths:4 Depths:5
Pandemonium: Depths:3 Depths:4
Ziggurat: Depths:2
Trove: D:10 (give wand of heal wounds (9))

Annotations:
Elf:2 5 runed doors
Depths:2 vpUX: 5 caustic shrikes!


Innate Abilities, Weirdness & Mutations

You are partially covered in rugged brown scales (AC +1, +3% HP).
You are resistant to electric shocks.
You can spit weak poison.


Message History

You barely miss the smoke demon.
Your shadow closely misses the smoke demon.
You slash the smoke demon!
The smoke demon convulses!
The smoke demon is severely wounded.
The smoke demon completely misses you. The smoke demon barely misses you.
The smoke demon hits you but does no damage.
You slash the smoke demon!
The smoke demon convulses!!
You kill the smoke demon!
Dithmenos accepts your kill.
Dithmenos appreciates your extinguishing a source of fire.
You slice the smoke demon!!
The smoke demon convulses!!
You kill the smoke demon!
Dithmenos accepts your kill.
Dithmenos appreciates your extinguishing a source of fire.
The hellwing completely misses you. You block the hellwing's attack.
You slice the hellwing!!
The hellwing convulses!!
The hellwing is almost dead.
The hellwing barely misses you. The hellwing misses you.
You slice the hellwing!!
You kill the hellwing!
Dithmenos accepts your kill.
No target in view!
No target in view!
No target in view!
(D) Dungeon (T) Temple (L) Lair (A) Shoals (N) Spider Nest (M) Slime Pits (O) Orcish Mines (E) Elven Halls (V) Vaults (C) Crypt (W) Tomb (U) Depths (H) Hell (Z) Zot
Where to? (* - list waypoints, Enter - D:1 @ (x,y), ? - help)
You enter the shallow water.
Moving in this stuff is going to be slow.
There is an open door here.
A rust devil comes into view.
There is a staircase leading out of the dungeon here.
Casting: Iron Shot
Confirm with . or Enter, or press ? or * to list all spells.
Aiming: Iron Shot
Press: ? - help, Shift-Dir - straight line, f - rust devil
Aim: a rust devil (umbra)
The iron shot hits the rust devil.
The rust devil is heavily wounded.
Casting: Iron Shot
Confirm with . or Enter, or press ? or * to list all spells.
Aiming: Iron Shot
Press: ? - help, Shift-Dir - straight line, f/p - rust devil
Aim: a rust devil (heavily wounded, umbra)
The iron shot hits the rust devil.
You kill the rust devil!
Dithmenos accepts your kill.
You have escaped!

#≈≈≈≈++#≈≈ #≈≈≈≈≈≈≈≈≈
#≈≈≈≈≈≈≈≈≈ #.≈≈≈##≈≈≈≈
######≈≈≈≈##≈≈≈≈ ≈≈≈##≈#
#......≈≈≈≈≈≈≈≈≈ ≈≈##≈#
#......≈≈≈≈≈≈######≈≈≈≈#
#......≈####≈#....#≈≈≈≈#
#......≈'.>#≈#.@>.#≈≈≈≈#
#......≈####≈#....#≈≈≈≈#
##......≈≈≈≈≈≈####'#≈≈≈≈#
........≈≈≈≈≈≈≈≈≈≈≈≈≈≈≈≈#
.#.......≈≈≈≈≈.≈.≈...≈.≈#
...................######
.#........##########
.####.##.## .# #..##..#


There were no monsters in sight!

Vanquished Creatures
  the royal jelly (Slime:6)
  3 orbs of fire
  Mara (Elf:3)
  Mennas (Crypt:3)
  6 ancient liches
  A greater mummy (Depths:3)
  Norris (Vaults:2)
  Saint Roka (Depths:4)
  5 curse toes
  The ghost of sqallbeste the Slayer, a great HOFi of Yredelemnul (Vaults:5)
  The ghost of comborobin the Tortoise, a great HOFE of Ru (Depths:3)
  2 Killer Klowns
  7 caustic shrikes
  8 golden dragons
  Nikola (Vaults:2)
  Jory (Crypt:3)
  the Enchantress (Depths:4)
  A bone dragon (Crypt:3)
  A profane servitor (Crypt:3)
  Xtahua (Vaults:4)
  Arachne (Spider:4)
  5 electric golems
  6 liches
  Jorgrun (Elf:2)
  28 tentacled monstrosities
  An Ice Fiend (Zot:5)
  Rupert (Lair:8)
  5 titans
  A quicksilver dragon (Vaults:5)
  26 Orb Guardians
  2 deep elf master archers (Elf:3)
  An Executioner (Zot:4)
  A kraken (Shoals:1)
  14 acid blobs
  3 sphinxes
  3 ancient champions
  10 shadow dragons
  Agnes (D:14)
  21 storm dragons
  4 tengu reavers
  A revenant (Crypt:3)
  10 fire giants
  16 draconian monks
  3 azure jellies (Slime:6)
  The ghost of 4thArraOfDagon the Severer, a mighty HOGl of Qazlal (Elf:3)
  Ilsuiw (Shoals:4)
  18 deep elf sorcerers
  Donald (Spider:3)
  11 frost giants
  5 draconian knights
  11 ghost moths
  5 iron dragons
  4 draconian scorchers
  The ghost of 4thArraOfDagon the Grappler, a powerful TrHu of Okawaru (Depths:1)
  10 draconian zealots
  10 vault wardens
  5 draconian shifters
  5 emperor scorpions (Spider:4)
  A cacodemon (Zot:2)
  An orc warlord (Orc:2)
  2 war gargoyles (Vaults:5)
  5 ghouls
  4 spriggan defenders (Depths:4)
  17 ironheart preservers
  4 draconian annihilators
  A reaper (Depths:3)
  8 very ugly things
  26 stone giants
  8 draconian callers
  8 deep elf demonologists
  20 green draconians
  14 black draconians
  11 deep elf annihilators
  17 mottled draconians
  12 yellow draconians
  9 vampire knights
  Azrael (Orc:4)
  2 dire elephants
  17 white draconians
  17 red draconians
  13 purple draconians
  4 eidola
  17 ettins
  5 merfolk javelineers
  9 crystal guardians
  12 deep elf death magi
  27 vault guards
  6 death oozes
  17 great orbs of eyes
  18 fire dragons
  A quicksilver dragon skeleton (Crypt:2)
  7 merfolk impalers (Shoals:4)
  7 deep elf high priests
  9 hydras
  5 rakshasas
  Fannar (Orc:1)
  15 death cobs
  20 ice dragons
  9 entropy weavers
  Erolcha (D:9)
  29 jiangshi
  A hydra (shapeshifter) (Depths:2)
  21 yaktaur captains
  5 merfolk aquamancers
  18 ogre magi
  A ghost crab (shapeshifter) (Vaults:5)
  Erica (D:8)
  11 centaur warriors
  2 dancing weapons
  2 merfolk avatars (Shoals:4)
  A satyr (Shoals:2)
  4 spriggan air magi
  A hell beast (Lair:8)
  2 salamander stormcallers
  An alligator snapping turtle (Shoals:2)
  9 death yaks
  5 death knights (Crypt:3)
  The ghost of Bull the Blocker, an experienced MiFi of Fedhas (D:12)
  6 vampire magi
  10 deep troll earth magi
  5 spriggan berserkers
  7 tengu warriors
  5 deep troll shamans
  4 sun demons
  6 spriggans
  A salamander mystic (Volcano)
  A shock serpent (shapeshifter) (Vaults:5)
  Nergalle (Orc:1)
  A titan skeleton (Depths:3)
  A spectral dire elephant (Crypt:3)
  A storm dragon zombie (Crypt:2)
  4 soul eaters
  A hell knight (Crypt:3)
  An iron troll (Depths:5)
  33 skeletal warriors
  10 shadow wraiths
  2 giant orange brains
  42 deep trolls
  4 unseen horrors
  A golden dragon zombie (Depths:3)
  14 sea snakes
  4 ice devils
  18 deep elf knights
  19 deep elf summoners
  3 ice statues
  An anubis guard (shapeshifter) (Vaults:4)
  2 shadow dragon zombies
  10 ironbrand convokers
  6 hill giants
  9 flayed ghosts
  8 necromancers
  9 orb spiders
  A tengu zombie (Depths:3)
  16 griffons
  8 phantasmal warriors
  5 shining eyes
  7 manticores
  A sixfirhy (Zot:4)
  7 cyclopes
  15 harpies
  6 statues (Volcano)
  An oklob plant (Zot:1)
  A fire giant zombie (Depths:3)
  2 frost giant zombies
  2 iron dragon zombies (Depths:3)
  A shadow dragon skeleton (Depths:3)
  30 wolf spiders
  15 deep elf conjurers
  15 orc knights
  5 water nymphs
  4 orc sorcerers
  9 fauns
  2 wizards
  A hornet (shapeshifter) (Vaults:2)
  3 salamanders
  A stone giant zombie (Crypt:1)
  7 sirens
  37 moths of wrath
  32 ugly things
  An eye of devastation (shapeshifter) (D:15)
  An octopode (shapeshifter) (Vaults:1)
  A manticore (shapeshifter) (Vaults:4)
  A stone giant skeleton (Crypt:3)
  Maurice (D:8)
  3 orange demons
  8 black mambas
  13 elephants
  A faun (shapeshifter) (Depths:2)
  10 hornets
  14 spiny frogs
  A frost giant skeleton (Depths:3)
  2 rust devils
  A torpor snail (Lair:8)
  A dire elephant skeleton (Crypt:1)
  An eye of devastation (Slime:5)
  4 smoke demons
  18 vault sentinels
  3 orange crystal statues
  A gargoyle (D:13)
  2 efreet
  A purple draconian zombie (Crypt:2)
  6 demonic crawlers
  11 fire drakes
  3 wandering mushrooms (Lair:2)
  2 hellwings
  63 yaktaurs
  7 komodo dragons
  4 red devils
  A yaktaur (shapeshifter) (Depths:2)
  6 freezing wraiths
  A kobold demonologist (D:13)
  3 guardian mummies (Depths:3)
  26 jumping spiders
  22 deep elf priests
  5 polar bears
  5 tengu conjurers
  A catoblepas skeleton (Crypt:2)
  6 blue devils
  27 merfolk
  A queen bee (Lair:1)
  A troll (shapeshifter) (Vaults:5)
  A wolf spider simulacrum (D:14)
  A death drake zombie (Crypt:1)
  8 trolls
  2 burning bushes (Zot:1)
  A minotaur skeleton (Crypt:1)
  2 wind drakes
  A two-headed ogre (shapeshifter) (Elf:2)
  7 boulder beetles
  A jumping spider (shapeshifter) (Vaults:4)
  60 slime creatures
  11 blink frogs
  3 hydra skeletons
  11 snapping turtles
  A bog body (Crypt:1)
  22 removed MONS_RAVENs
  2 removed
  MONS_RAVENs (shapeshifter)
  A fire dragon zombie (Crypt:1)
  An ettin zombie (Crypt:1)
  2 elf zombies (Depths:3)
  A fire giant simulacrum (Crypt:2)
  12 wyverns
  A centaur simulacrum (D:15)
  51 redbacks
  17 trapdoor spiders
  38 two-headed ogres
  55 flying skulls (Crypt:3)
  A yak (shapeshifter) (Vaults:1)
  A satyr skeleton (Crypt:2)
  37 yaks
  22 deep elf magi
  11 water elementals
  24 tarantellas
  3 golden eyes (Slime:5)
  A black mamba zombie (Crypt:1)
  A tarantella (shapeshifter) (Vaults:5)
  9 wraiths
  A giant leech zombie (Crypt:1)
  A human (D:7)
  A neqoxec (D:9)
  5 vampires
  2 chaos spawn
  6 shadows
  Grum (D:9)
  3 basilisks
  31 wolves
  A hippogriff (shapeshifter) (Depths:1)
  2 hungry ghosts
  A mottled dragon (D:15)
  33 deep elf fighters
  An elf skeleton (Depths:3)
  Menkaure (D:7)
  A small abomination (Crypt:3)
  A soldier ant (D:15)
  18 hippogriffs
  20 fire elementals
  A fulminant prism (IceCv)
  3 hell hounds
  A soldier ant (shapeshifter) (Vaults:1)
  39 vampire mosquitoes
  A water moccasin (shapeshifter) (Elf:3)
  3 human zombies (Depths:3)
  12 wargs
  A human skeleton (Depths:3)
  Duvessa (D:7)
  A removed MONS_RAVEN skeleton (Crypt:2)
  18 water moccasins
  A deep troll skeleton (Crypt:2)
  13 ice beasts
  A monstrous demonspawn skeleton (Crypt:2)
  60 orc warriors
  A sky beast (D:13)
  6 eyes of draining
  27 spiders
  An ettin simulacrum (Crypt:1)
  3 phantoms
  A black bear (D:9)
  A black bear (shapeshifter) (Vaults:2)
  7 necrophages
  An ice beast (shapeshifter) (Vaults:2)
  64 ogres
  10 porcupines
  An ogre (shapeshifter) (Vaults:4)
  19 crocodiles
  19 centaurs
  7 wasps
  A manticore zombie (Crypt:2)
  12 boggarts
  22 giant frogs
  6 big kobolds
  A brain worm (shapeshifter) (Vaults:5)
  A wyvern zombie (Crypt:1)
  Dowan (D:7)
  7 scorpions
  30 killer bees
  A warg skeleton (Crypt:2)
  17 wights
  A hippogriff skeleton (Crypt:1)
  3 oklob saplings (Zot:1)
  8 electric eels
  6 lava snakes (Volcano)
  6 crimson imps
  6 hounds
  5 centaur zombies
  22 jellies
  6 giant frog zombies
  38 orc wizards
  27 orc priests
  9 iguanas
  Crazy Yiuf (D:3)
  3 giant frog skeletons
  8 centaur skeletons
  9 hell rats
  A quasit (D:12)
  5 lightning spires (Zot:1)
  10 worker ants
  18 sheep
  A mottled dragon zombie (Crypt:1)
  A hound zombie (Crypt:2)
  2 human simulacra
  4 hound skeletons
  7 mummies (Depths:3)
  2 worker ant zombies
  Robin (D:2)
  9 gnolls
  11 adders
  49 river rats
  8 shadow imps
  12 white imps (Lair:4)
  An ooze (D:1)
  An adder zombie (D:9)
  3 worms (D:2)
  2 giant geckos
  255 orcs
  2 bat skeletons
  2 bat zombies
  8 giant cockroaches
  35 goblins
  19 hobgoblins
  2 jackals (D:9)
  7 quokkas
  2 ball pythons (D:3)
  16 bats
  9 giant newts
  A gnoll zombie (Crypt:1)
  36 kobolds
  2 quokka skeletons
  9 rats
  2 fungi
  3 lost souls (Crypt:3)
  A tentacle (Shoals:1)
3288 creatures vanquished.

Vanquished Creatures (collateral kills)
  An acid blob (Slime:6)
  An ettin (Vaults:5)
2 creatures vanquished.

Vanquished Creatures (others)
  A fire giant (Vaults:5)
  2 red draconians (Zot:4)
  A death cob (Zot:5)
  2 moths of wrath
  A wolf spider (Spider:1)
  A two-headed ogre (Vaults:2)
  A deep elf fighter (Elf:2)
  40 fulminant prisms
  A sheep (Vaults:2)
  7 fungi
  4 lost souls
  5 plants
  8 tentacles (Shoals:1)
  223 tentacle segments (Shoals:1)
297 creatures vanquished.

Grand Total: 3587 creatures vanquished

Notes
Turn   | Place    | Note
--------------------------------------------------------------
     0 | D:1      | Gorice the Deep Elf Conjurer began the quest for the Orb.
     0 | D:1      | Reached XP level 1. HP: 10/10 MP: 6/6
   180 | D:1      | Reached XP level 2. HP: 15/15 MP: 6/8
   458 | D:1      | Reached skill level 5 in Conjurations
   537 | D:1      | Reached XP level 3. HP: 19/19 MP: 7/10
   610 | D:1      | Reached skill level 4 in Spellcasting
   769 | D:1      | Learned a level 2 spell: Searing Ray
   773 | D:1      | Learned a level 3 spell: Dazzling Spray
   883 | D:2      | Found an opulent altar of Gozag.
   978 | D:2      | Noticed Robin
  1114 | D:2      | Killed Robin
  1181 | D:2      | Reached XP level 4. HP: 24/24 MP: 2/12
  1816 | D:2      | Reached skill level 5 in Spellcasting
  1816 | D:2      | Reached skill level 6 in Conjurations
  1816 | D:2      | Reached XP level 5. HP: 23/28 MP: 8/14
  2032 | D:3      | Found an iron altar of Okawaru.
  2073 | D:3      | Learned a level 4 spell: Iskenderun's Mystic Blast
  2224 | D:3      | Noticed Crazy Yiuf
  2228 | D:3      | Killed Crazy Yiuf
  2553 | D:4      | Noticed an ice beast
  2562 | D:4      | Killed an ice beast
  2562 | D:4      | Reached skill level 6 in Spellcasting
  2562 | D:4      | Reached skill level 7 in Conjurations
  2562 | D:4      | Reached XP level 6. HP: 32/32 MP: 7/17
  2899 | D:4      | Noticed an ogre
  2908 | D:4      | Killed an ogre
  2908 | D:4      | Reached skill level 8 in Conjurations
  2908 | D:4      | Reached XP level 7. HP: 36/36 MP: 9/18
  3287 | D:4      | Noticed an ogre
  3299 | D:4      | Killed an ogre
  3299 | D:4      | Reached skill level 7 in Spellcasting
  3345 | D:4      | Noticed an ogre
  3358 | D:4      | Killed an ogre
  3952 | D:4      | Learned a level 4 spell: Fulminant Prism
  3958 | D:4      | Learned a level 5 spell: Iskenderun's Battlesphere
  3960 | D:5      | Entered Level 5 of the Dungeon
  3974 | D:5      | Identified the Guide on the Ghastly Glacier
  3978 | D:5      | Learned a level 2 spell: Sublimation of Blood
  4089 | D:5      | Reached skill level 1 in Charms
  4124 | D:5      | Found Riatt's Magic Scroll Emporium.
  4126 | D:5      | Bought 2 scrolls of identify for 40 gold pieces
  4438 | D:5      | Bought a scroll of identify for 20 gold pieces
  4438 | D:5      | Bought a scroll of identify for 20 gold pieces
  4459 | D:6      | Reached skill level 9 in Conjurations
  4459 | D:6      | Reached skill level 2 in Charms
  4513 | D:6      | Reached XP level 8. HP: 33/41 MP: 13/21
  4581 | D:6      | Got a fine scimitar
  4611 | D:5      | Identified the +2 scimitar "Plog" {pain, *Contam MR+ SInv} (You found it on level 6 of the Dungeon)
  4666 | D:5      | Gained mutation: You can spit weak poison. [mutagenic glow]
  4708 | D:6      | Reached skill level 3 in Charms
  4949 | D:6      | Reached skill level 8 in Spellcasting
  4949 | D:6      | Reached skill level 4 in Charms
  5058 | D:6      | Found a blossoming altar of Fedhas.
  5129 | D:6      | Found a white marble altar of Elyvilon.
  5336 | D:6      | Found a staircase to the Ecumenical Temple.
  5477 | D:6      | Found Ysoamiz's General Store.
  6111 | D:7      | Reached skill level 5 in Charms
  6172 | Temple   | Entered the Ecumenical Temple
  6354 | Temple   | Became a worshipper of Dithmenos the Shadowed
  6403 | D:7      | Noticed Duvessa
  6403 | D:7      | Noticed Dowan
  6416 | D:7      | Killed Duvessa
  6420 | D:7      | Reached skill level 10 in Conjurations
  6420 | D:7      | Reached skill level 6 in Charms
  6534 | D:7      | Killed Dowan
  6705 | D:7      | Found a sacrificial altar of Ru.
  6716 | D:7      | Noticed Menkaure
  6896 | D:7      | Killed Menkaure
  7095 | D:8      | Reached XP level 9. HP: 41/45 MP: 17/23
  7142 | D:8      | Reached skill level 7 in Charms
  7550 | D:8      | Found an iron altar of Okawaru.
  7614 | D:8      | Reached skill level 9 in Spellcasting
  7879 | D:8      | Noticed Erica
  7888 | D:8      | Killed Erica
  7888 | D:8      | Reached skill level 11 in Conjurations
  7888 | D:8      | Reached skill level 8 in Charms
  7896 | D:8      | Reached skill level 9 in Charms
  8159 | D:8      | Noticed a hill giant
  8266 | D:8      | Killed a hill giant
  8266 | D:8      | Reached skill level 10 in Charms
  8268 | D:8      | Noticed Maurice
  8304 | D:8      | Killed Maurice
  8304 | D:8      | Reached XP level 10. HP: 44/50 MP: 1/25
  8913 | D:8      | Reached skill level 10 in Spellcasting
  8917 | D:8      | Reached skill level 1 in Hexes
  8929 | D:8      | Reached skill level 1 in Necromancy
  9166 | D:9      | Reached skill level 2 in Hexes
  9189 | D:9      | Noticed Grum
  9195 | D:9      | Reached skill level 11 in Charms
  9197 | D:9      | Killed Grum
  9197 | D:9      | Reached skill level 2 in Necromancy
  9202 | D:9      | Acquired Dithmenos's first power
  9370 | D:9      | Found Muystre Qado's Book Boutique.
  9398 | D:9      | Reached skill level 3 in Hexes
  9478 | D:9      | Noticed Erolcha
  9484 | D:9      | Killed Erolcha
  9484 | D:9      | Reached skill level 4 in Necromancy
  9487 | D:9      | Reached skill level 4 in Hexes
  9724 | D:9      | Reached skill level 5 in Necromancy
  9863 | D:9      | Found a snail-covered altar of Cheibriados.
  9894 | D:9      | Found a shattered altar of Ashenzari.
 10530 | D:10     | Entered Level 10 of the Dungeon
 10536 | D:10     | Noticed a hill giant
 10543 | D:10     | Killed a hill giant
 10543 | D:10     | Reached skill level 5 in Hexes
 10543 | D:10     | Reached skill level 6 in Necromancy
 10747 | D:10     | HP: 13/50 [orc warrior/trident (8)]
 10752 | D:10     | HP: 5/50 [orc warrior/trident (9)]
 10804 | D:10     | Found Voto's Food Shoppe.
 10959 | D:10     | Acquired Dithmenos's second power
 10990 | D:10     | Found a staircase to the Orcish Mines.
 11033 | D:10     | Reached skill level 11 in Spellcasting
 11315 | D:10     | Found a staircase to the Lair.
 11332 | D:10     | Reached XP level 11. HP: 45/54 MP: 4/28
 11483 | D:10     | Found a portal to a secret trove of treasure.
 11611 | D:10     | Reached skill level 7 in Necromancy
 11617 | D:10     | Reached skill level 6 in Hexes
 11863 | D:10     | Found Vaghath's Elemental Accessories.
 11894 | D:10     | Reached skill level 1 in Fighting
 12177 | Lair:1   | Entered Level 1 of the Lair of Beasts
 12180 | Lair:1   | Reached skill level 2 in Fighting
 12191 | Lair:1   | Acquired Dithmenos's third power
 12445 | Lair:1   | Learned a level 4 spell: Control Teleport
 12469 | Lair:1   | Reached skill level 3 in Fighting
 12758 | Lair:1   | Reached skill level 4 in Fighting
 12758 | Lair:1   | Reached skill level 12 in Spellcasting
 12991 | Lair:1   | Noticed a four-headed hydra
 13109 | Lair:1   | Killed a four-headed hydra
 13109 | Lair:1   | Reached skill level 5 in Fighting
 13715 | Lair:2   | Reached skill level 3 in Dodging
 13763 | Lair:2   | Got a dazzling scale mail
 13788 | Lair:1   | Identified the cursed +1 scale mail of Hysteria {*Confuse Str+4 Dex+10} (You found it on level 2 of the Lair of Beasts)
 13962 | Lair:2   | Reached skill level 6 in Fighting
 14307 | Lair:2   | Reached skill level 4 in Dodging
 14311 | Lair:2   | Reached XP level 12. HP: 69/71 MP: 6/30
 14737 | Lair:3   | Reached skill level 7 in Fighting
 14871 | Lair:3   | Reached skill level 5 in Dodging
 14980 | Lair:3   | Got a transparent diamond amulet
 14981 | Lair:3   | Identified the amulet of Xeilagh {rMut rC+} (You found it on level 3 of the Lair of Beasts)
 15003 | Lair:3   | Acquired Dithmenos's fourth power
 15051 | Lair:3   | Reached skill level 6 in Dodging
 15056 | Lair:3   | Reached skill level 8 in Fighting
 15640 | Lair:3   | Reached skill level 7 in Dodging
 15749 | Lair:4   | Reached skill level 9 in Fighting
 15905 | Lair:4   | Found a frozen archway.
 15918 | IceCv    | Entered an ice cave
 16195 | IceCv    | Reached skill level 8 in Dodging
 16448 | Lair:4   | Noticed a four-headed hydra
 16453 | Lair:4   | Killed a four-headed hydra
 16613 | Lair:4   | Reached XP level 13. HP: 82/82 MP: 24/31
 16623 | Lair:4   | Reached skill level 10 in Fighting
 17226 | Lair:5   | Reached skill level 9 in Dodging
 17702 | Lair:5   | Found a staircase to the Shoals.
 18589 | Lair:1   | Learned a level 3 spell: Ozocubu's Armour
 18743 | Lair:6   | Reached skill level 11 in Fighting
 19073 | Lair:6   | Reached skill level 10 in Dodging
 19121 | Lair:6   | Found a sparkling altar of Nemelex Xobeh.
 19364 | Lair:6   | HP: 23/84 [hell hound/blast of flame (17)]
 19364 | Lair:6   | HP: 7/84 [wyvern (16)]
 19928 | Lair:5   | HP: 25/85 [poisoned by a redback]
 19933 | Lair:5   | HP: 21/85 [poisoned by a redback]
 19938 | Lair:5   | HP: 19/85 [poisoned by a redback]
 19945 | Lair:5   | HP: 18/85 [poisoned by a redback]
 19952 | Lair:5   | HP: 18/85 [poisoned by a redback]
 19960 | Lair:5   | HP: 18/85 [poisoned by a redback]
 20226 | Lair:6   | Found a hole to the Spider Nest.
 20267 | Lair:6   | Reached skill level 12 in Fighting
 20318 | Lair:6   | Reached skill level 11 in Dodging
 20676 | Lair:6   | Reached XP level 14. HP: 92/92 MP: 5/32
 20823 | Lair:7   | Found a shimmering altar of Xom.
 21335 | Lair:7   | Found a staircase to the Slime Pits.
 21758 | Lair:8   | Entered Level 8 of the Lair of Beasts
 22157 | Lair:8   | Noticed Rupert
 22318 | Lair:8   | Reached skill level 13 in Fighting
 22318 | Lair:8   | Reached skill level 12 in Dodging
 22793 | Lair:8   | Killed Rupert
 23175 | Orc:1    | Entered Level 1 of the Orcish Mines
 23234 | Orc:2    | Noticed an orc warlord
 23380 | Orc:1    | Noticed Nergalle
 23389 | Orc:1    | Killed Nergalle
 23454 | Orc:1    | Found a dark tunnel.
 23478 | Volcano  | Entered a volcano
 23966 | Volcano  | Found a sparkling altar of Nemelex Xobeh.
 24236 | Orc:1    | Noticed Fannar
 24251 | Orc:1    | Killed Fannar
 24618 | Orc:2    | Found Ytalluowkue's Gadget Emporium.
 24659 | Orc:2    | Killed an orc warlord
 24659 | Orc:2    | Reached skill level 13 in Dodging
 25128 | Orc:2    | Reached skill level 14 in Fighting
 26093 | Orc:3    | Found a roughly hewn altar of Beogh.
 26167 | Orc:3    | Found a staircase to the Elven Halls.
 26506 | Orc:4    | Entered Level 4 of the Orcish Mines
 26921 | Orc:4    | Noticed Azrael
 26929 | Orc:4    | Killed Azrael
 26929 | Orc:4    | Reached XP level 15. HP: 60/100 MP: 24/33
 28010 | Orc:4    | Found Nof Waaw's Assorted Antiques.
 28010 | Orc:4    | Found Vifat's Antique Armour Shoppe.
 28017 | Orc:4    | Bought a pair of runed boots for 99 gold pieces
 28027 | Orc:4    | Bought a pair of embroidered boots for 99 gold pieces
 28037 | Orc:4    | Identified a +1 pair of boots of running (You bought it in a shop on level 4 of the Orcish Mines)
 28040 | Orc:4    | Bought a pair of glowing boots for 99 gold pieces
 28078 | Orc:4    | Bought a pair of smoking gloves for 237 gold pieces
 28078 | Orc:4    | Bought a scroll labeled BOWUATZAEKE for 25 gold pieces
 28088 | Orc:4    | Identified the +4 pair of gloves of the Morning {rPois} (You bought it in a shop on level 4 of the Orcish Mines)
 28117 | Orc:4    | Found a roughly hewn altar of Beogh.
 28247 | Orc:4    | Found Seny's Antique Armour Boutique.
 28247 | Orc:4    | Found Extak's Assorted Antiques.
 28288 | Orc:4    | Bought an amber-encrusted leather armour for 203 gold pieces
 28298 | Orc:4    | Identified the +3 leather armour of the New World {-Cast Int+6 Dex+2} (You bought it in a shop on level 4 of the Orcish Mines)
 28314 | Orc:4    | Bought a runed cloak for 130 gold pieces
 28344 | Orc:4    | Bought a crude platinum ring for 145 gold pieces
 28344 | Orc:4    | Bought a scroll labeled LUWIPH BARU for 29 gold pieces
 28344 | Orc:4    | Bought a ruby ring for 145 gold pieces
 28355 | Orc:4    | Identified the ring of Dawn {*Contam *Drain rPois rC+ MR+} (You bought it in a shop on level 4 of the Orcish Mines)
 28619 | Orc:4    | Bought a scroll of identify for 50 gold pieces
 28619 | Orc:4    | Bought a scroll of enchant armour for 187 gold pieces
 29946 | D:12     | Noticed Bull's ghost (experienced MiFi)
 29955 | D:12     | Killed Bull's ghost
 31090 | D:13     | Reached skill level 14 in Dodging
 31167 | D:13     | Reached skill level 15 in Fighting
 31172 | D:13     | Found Pamimuy's Magic Scroll Shop.
 31279 | D:13     | Learned a level 2 spell: Repel Missiles
 31350 | D:13     | Learned a level 2 spell: Swiftness
 31413 | D:13     | Found a gate to the Vaults.
 31757 | D:13     | You fall through a shaft!
 31962 | D:13     | Learned a level 2 spell: Blink
 32380 | D:14     | Reached skill level 15 in Dodging
 32595 | D:14     | Reached skill level 1 in Evocations
 32642 | D:14     | Reached skill level 2 in Evocations
 32658 | D:14     | Noticed Agnes
 32730 | D:14     | Killed Agnes
 32855 | D:14     | Reached skill level 3 in Evocations
 32864 | D:14     | Reached skill level 13 in Spellcasting
 33284 | D:15     | Entered Level 15 of the Dungeon
 33462 | D:15     | Reached skill level 4 in Evocations
 33834 | D:15     | Found a staircase to the Depths.
 33846 | D:15     | Upgraded the game from 0.17-a0-1181-gabc46e6 to 0.17-a0-1184-gb75be8f
 33898 | D:15     | Reached skill level 5 in Evocations
 34362 | Shoals:1 | Entered Level 1 of the Shoals
 34366 | Shoals:1 | Reached XP level 16. HP: 108/108 MP: 35/35
 34491 | Shoals:1 | Reached skill level 14 in Spellcasting
 34553 | Shoals:1 | Noticed a kraken
 34575 | Shoals:1 | Killed a kraken
 34603 | Shoals:1 | HP: 28/108 [drowned by a water elemental (12)]
 34883 | Shoals:1 | Reached skill level 6 in Evocations
 35060 | Shoals:1 | Gained mutation: You are resistant to electric shocks. [potion of beneficial mutation]
 35508 | Shoals:2 | Reached skill level 7 in Evocations
 36135 | Shoals:3 | Reached skill level 15 in Spellcasting
 36291 | Shoals:3 | Reached skill level 1 in Translocations
 36356 | Shoals:3 | Reached skill level 8 in Evocations
 36485 | Shoals:3 | Reached skill level 2 in Translocations
 36763 | D:10     | Bought the Guide on the Hurtful Frostbite for 584 gold pieces
 36803 | D:9      | Bought a book of the Earth for 910 gold pieces
 36810 | D:9      | Learned a level 6 spell: Iron Shot
 36969 | Spider:1 | Entered Level 1 of the Spider Nest
 37163 | Spider:1 | Got an ancient chain mail
 37244 | Spider:1 | Identified the +2 chain mail of Amelioration {*Drain rPois rCorr Int-3} (You found it on level 1 of the Spider Nest)
 37340 | Spider:1 | Reached skill level 3 in Translocations
 37475 | Spider:1 | Reached skill level 1 in Earth Magic
 37494 | Spider:1 | Reached skill level 9 in Evocations
 37534 | Spider:1 | Reached skill level 2 in Earth Magic
 38092 | Spider:1 | Reached skill level 3 in Earth Magic
 38438 | Spider:2 | Reached skill level 4 in Earth Magic
 38629 | Spider:2 | Reached skill level 10 in Evocations
 38934 | Spider:2 | Reached skill level 1 in Ice Magic
 38946 | Spider:2 | Reached skill level 5 in Earth Magic
 39029 | Spider:2 | Reached skill level 2 in Ice Magic
 39233 | Spider:3 | Noticed Donald
 39239 | Spider:3 | Killed Donald
 39278 | Spider:3 | Reached skill level 3 in Ice Magic
 39740 | Spider:2 | Upgraded the game from 0.17-a0-1184-gb75be8f to 0.17-a0-1197-g2d00c63
 39745 | Spider:3 | Reached skill level 6 in Earth Magic
 39762 | Spider:3 | Reached skill level 4 in Ice Magic
 40118 | Spider:3 | HP: 31/108 [wolf spider (15)]
 40123 | Spider:2 | HP: 24/108 [poisoned by a wolf spider]
 40128 | Spider:2 | HP: 20/108 [poisoned by a wolf spider]
 40133 | Spider:2 | HP: 19/108 [poisoned by a wolf spider]
 40140 | Spider:2 | HP: 18/108 [poisoned by a wolf spider]
 40147 | Spider:2 | HP: 18/108 [poisoned by a wolf spider]
 40155 | Spider:2 | HP: 18/108 [poisoned by a wolf spider]
 40557 | Spider:3 | Reached XP level 17. HP: 113/113 MP: 38/38
 41086 | Spider:4 | Entered Level 4 of the Spider Nest
 41471 | Spider:4 | Reached skill level 5 in Ice Magic
 41514 | Spider:4 | Noticed Arachne
 41623 | Spider:4 | Killed Arachne
 41623 | Spider:4 | Reached skill level 7 in Earth Magic
 41865 | Spider:4 | Reached skill level 6 in Ice Magic
 42262 | Spider:3 | Reached skill level 8 in Earth Magic
 42547 | Spider:3 | Reached skill level 7 in Ice Magic
 42890 | Spider:4 | Reached skill level 9 in Earth Magic
 43309 | Spider:3 | Reached skill level 8 in Ice Magic
 43563 | Spider:2 | HP: 33/113 [tarantella (4)]
 44180 | Spider:4 | Got a gossamer rune of Zot
 44429 | Spider:4 | Reached skill level 10 in Earth Magic
 44797 | Lair:3   | Reached skill level 9 in Ice Magic
 44950 | Shoals:4 | Entered Level 4 of the Shoals
 45250 | Shoals:4 | Noticed Ilsuiw
 45374 | Shoals:4 | Found Rauja's Assorted Antiques.
 45396 | Shoals:4 | Bought a scroll of identify for 54 gold pieces
 45734 | Shoals:3 | HP: 32/113 [poisoned by a sea snake]
 45739 | Shoals:3 | HP: 23/113 [poisoned by a sea snake]
 45744 | Shoals:3 | HP: 18/113 [poisoned by a sea snake]
 45749 | Shoals:3 | HP: 14/113 [poisoned by a sea snake]
 45754 | Shoals:3 | HP: 13/113 [poisoned by a sea snake]
 45759 | Shoals:3 | HP: 11/113 [poisoned by a sea snake]
 45765 | Shoals:3 | HP: 11/113 [poisoned by a sea snake]
 45773 | Shoals:3 | HP: 11/113 [poisoned by a sea snake]
 46182 | Shoals:4 | Reached skill level 10 in Ice Magic
 46248 | Shoals:4 | Reached skill level 11 in Earth Magic
 46279 | Shoals:4 | Got a jewelled chain mail
 46280 | Shoals:4 | Identified the +4 chain mail of the Saviour {rN+ Regen+ Str+9 Int-4} (You found it on level 4 of the Shoals)
 46548 | Shoals:4 | Reached XP level 18. HP: 119/119 MP: 26/39
 46559 | Shoals:4 | Got a bloodstained robe
 46560 | Shoals:4 | Identified the +1 robe of Hoecadif {rF- Str+3 Int+5 Stlth+} (You found it on level 4 of the Shoals)
 46670 | Shoals:4 | Reached skill level 12 in Conjurations
 46797 | Shoals:4 | Got a barnacled rune of Zot
 47152 | Shoals:4 | Killed Ilsuiw
 47156 | Shoals:4 | Reached skill level 11 in Ice Magic
 47947 | Elf:1    | Entered Level 1 of the Elven Halls
 48344 | Elf:1    | Identified the Incunabulum of Dark Rituals
 48987 | Elf:1    | Found Ziech's Food Shop.
 48993 | Elf:1    | Reached skill level 13 in Conjurations
 49648 | Elf:2    | Noticed Jorgrun
 49655 | Elf:2    | Killed Jorgrun
 49655 | Elf:2    | Reached skill level 12 in Ice Magic
 49982 | Elf:2    | Reached skill level 1 in Air Magic
 50013 | Elf:2    | Reached skill level 16 in Spellcasting
 50216 | Elf:2    | Found a deep blue altar of Sif Muna.
 50322 | Elf:2    | Found a huge runed gate.
 50322 | Elf:2    | Found a huge runed gate.
 50322 | Elf:2    | Found a huge runed gate.
 50323 | Elf:2    | Found a huge runed gate.
 50323 | Elf:2    | Found a huge runed gate.
 50491 | Elf:2    | Reached skill level 2 in Air Magic
 50875 | Lair:1   | Learned a level 6 spell: Freezing Cloud
 50988 | Vaults:1 | Entered Level 1 of the Vaults
 51284 | Vaults:1 | Upgraded the game from 0.17-a0-1197-g2d00c63 to 0.17-a0-1210-g1e4f09d
 51661 | Vaults:1 | Reached skill level 14 in Conjurations
 51953 | Vaults:1 | Reached skill level 3 in Air Magic
 52168 | Vaults:1 | Reached XP level 19. HP: 118/124 MP: 20/41
 52914 | Vaults:2 | Reached skill level 4 in Air Magic
 53600 | Vaults:2 | Reached skill level 13 in Ice Magic
 53630 | Vaults:2 | Noticed Norris
 53789 | Vaults:2 | Killed Norris
 53789 | Vaults:2 | Reached skill level 15 in Conjurations
 53868 | Vaults:2 | Reached skill level 17 in Spellcasting
 53868 | Vaults:2 | Reached skill level 5 in Air Magic
 54113 | Vaults:2 | HP: 37/124 [poisoned by a wolf spider]
 54118 | Vaults:2 | HP: 33/124 [poisoned by a wolf spider]
 54124 | Vaults:2 | HP: 30/124 [poisoned by a wolf spider]
 54129 | Vaults:2 | HP: 28/124 [poisoned by a wolf spider]
 54136 | Vaults:1 | HP: 27/124 [poisoned by a wolf spider]
 54143 | Vaults:1 | HP: 27/124 [poisoned by a wolf spider]
 54151 | Vaults:1 | HP: 27/124 [poisoned by a wolf spider]
 54683 | Vaults:2 | Found a staircase to the Crypt.
 54683 | Vaults:2 | Found an ancient bone altar of Kikubaaqudgha.
 54684 | Vaults:2 | Found a basalt altar of Yredelemnul.
 54820 | Vaults:2 | Reached skill level 6 in Air Magic
 55056 | Vaults:2 | Noticed Nikola
 55434 | Vaults:2 | Killed Nikola
 55434 | Vaults:2 | Reached skill level 7 in Air Magic
 55781 | Vaults:2 | Reached skill level 18 in Spellcasting
 56459 | Vaults:3 | Reached skill level 8 in Air Magic
 56764 | Vaults:3 | Reached XP level 20. HP: 101/129 MP: 9/44
 57338 | Vaults:3 | Reached skill level 9 in Air Magic
 57859 | Vaults:3 | Reached skill level 19 in Spellcasting
 58120 | Vaults:3 | Identified Borgnjor's Grimoire of Evil Arts
 58127 | Vaults:3 | Learned a level 5 spell: Dispel Undead
 58853 | Vaults:4 | Upgraded the game from 0.17-a0-1210-g1e4f09d to 0.17-a0-1248-g117de50
 59243 | Vaults:4 | Reached skill level 16 in Dodging
 59900 | Vaults:4 | Reached skill level 20 in Spellcasting
 59953 | Vaults:4 | Found a gateway to a bazaar.
 59968 | Bazaar   | Entered a bazaar
 59970 | Bazaar   | Found Caumed's Gadget Shoppe.
 59978 | Bazaar   | Found Cinweov's Distillery.
 59981 | Bazaar   | Found Ovvood's Distillery.
 59990 | Bazaar   | Found Rakameurchu's Food Boutique.
 59993 | Bazaar   | Found Cunapump's Jewellery Shoppe.
 60004 | Bazaar   | Bought a ring of the Octopus King {rC+ AC+1 EV+1 Str+1 Int+1 Dex+1} for 607 gold pieces
 60004 | Bazaar   | Bought a +5 ring of evasion for 715 gold pieces
 60024 | Bazaar   | Bought a potion of haste for 120 gold pieces
 60024 | Bazaar   | Bought a potion of curing for 36 gold pieces
 60024 | Bazaar   | Bought a potion of heal wounds for 60 gold pieces
 60030 | Bazaar   | Bought a potion of resistance for 140 gold pieces
 60030 | Bazaar   | Bought a potion of resistance for 140 gold pieces
 60758 | Vaults:3 | Upgraded the game from 0.17-a0-1248-g117de50 to 0.17-a0-1262-gd250d98
 61520 | Elf:3    | Entered Level 3 of the Elven Halls
 61699 | Elf:3    | Noticed 4thArraOfDagon's ghost (mighty HOGl)
 61703 | Elf:3    | Killed 4thArraOfDagon's ghost
 62010 | Elf:3    | Reached skill level 17 in Dodging
 62520 | Elf:3    | Noticed Mara
 62522 | Elf:3    | Killed Mara
 62523 | Elf:3    | --Loser, 3 iron shots and he's down!
 62630 | Elf:3    | Reached XP level 21. HP: 135/135 MP: 34/47
 62960 | Elf:3    | Got an encrusted trident
 62961 | Elf:3    | Identified the +12 trident of Ilobri {flame, *Drain +Fly MR+ Dex+4} (You took it off a deep elf high priest on level 3 of the Elven Halls)
 62997 | Elf:3    | Reached skill level 18 in Dodging
 63392 | Elf:3    | Reached skill level 16 in Fighting
 63973 | Elf:3    | Identified the Collected Works on Doomed Transformation (You found it on level 3 of the Elven Halls)
 63975 | Elf:3    | Identified the Handbook of Blistering Confrontation (You found it on level 3 of the Elven Halls)
 64017 | Elf:3    | Identified the Almanac of Dislocation
 64023 | Elf:3    | Identified the Catalogue of Conjuration and Feathers (You found it on level 3 of the Elven Halls)
 64428 | Depths:1 | Entered Level 1 of the Depths
 64428 | Depths:1 | Found Kiesegiunle's Demolitions Depot.
 64459 | Depths:1 | Reached skill level 1 in Long Blades
 64751 | Depths:1 | Reached skill level 2 in Long Blades
 64885 | Depths:1 | Reached skill level 3 in Long Blades
 65253 | Depths:1 | Reached skill level 4 in Long Blades
 65461 | Depths:1 | Found a gateway to Hell.
 65590 | Depths:1 | Found Cesmoif's Book Boutique.
 65976 | Depths:2 | Reached skill level 5 in Long Blades
 65986 | Depths:2 | Got a distressingly furry scale mail
 65994 | Depths:2 | Identified the +3 scale mail "Cutyomm" {rN+ MP+9 Stlth+} (You found it on level 2 of the Depths)
 66483 | Depths:2 | Reached skill level 6 in Long Blades
 66975 | Depths:2 | Reached skill level 7 in Long Blades
 67182 | Depths:2 | Got a smoking tin ring
 67551 | Depths:2 | Reached skill level 8 in Long Blades
 67551 | Depths:2 | Reached XP level 22. HP: 144/144 MP: 5/48
 67692 | Depths:2 | Got a spiked leather armour
 67693 | Depths:2 | Identified the +2 leather armour "Tocisi" {Regen+ Str-2 Int+4 Dex+4} (You found it on level 2 of the Depths)
 67695 | Depths:2 | Identified the ring of Xytsiq {Str+7 Dex+2} (You took it off a fire giant on level 2 of the Depths)
 67944 | Depths:2 | Found a gateway to a ziggurat.
 68453 | Depths:2 | Reached skill level 9 in Long Blades
 68453 | Depths:2 | Reached skill level 1 in Shields
 68492 | Depths:2 | Got an ancient chain mail
 68493 | Depths:2 | Identified the cursed +0 chain mail of the Merchant {Dex+4} (You found it on level 2 of the Depths)
 68546 | Depths:2 | Noticed a caustic shrike
 68547 | Depths:2 | Noticed a caustic shrike
 68547 | Depths:2 | Noticed a caustic shrike
 68548 | Depths:2 | Noticed a caustic shrike
 68550 | Depths:2 | Noticed a caustic shrike
 68554 | Depths:2 | HP: 41/144 [acid (4)]
 68965 | Depths:2 | Reached skill level 2 in Shields
 69461 | Orc:2    | Bought a +3 rod of shadows (13/13) for 1345 gold pieces
 70178 | Depths:2 | Reached skill level 10 in Long Blades
 70353 | Depths:2 | Reached skill level 3 in Shields
 70671 | Depths:2 | Got an ichor-stained chain mail
 70675 | Depths:2 | Identified the +1 chain mail of Ysejix {MR+ MP+9} (You found it on level 2 of the Depths)
 70735 | Depths:2 | Killed a caustic shrike
 71354 | Lair:8   | Found a burning altar of Makhleb.
 71788 | Depths:3 | Reached skill level 4 in Shields
 71936 | Depths:3 | Reached skill level 11 in Long Blades
 72004 | Depths:3 | Noticed comborobin's ghost (great HOFE)
 72035 | Depths:3 | Killed comborobin's ghost
 72483 | Depths:3 | Reached skill level 5 in Shields
 72485 | Depths:3 | Upgraded the game from 0.17-a0-1262-gd250d98 to 0.17-a0-1301-ga863c44
 72832 | Depths:3 | Found a one-way gate leading to the halls of Pandemonium.
 72860 | Depths:3 | Reached skill level 12 in Long Blades
 73073 | Depths:3 | Found Wezoviat's One-of-a-Kind Books.
 73202 | Depths:3 | HP: 41/144 [ice dragon/blast of cold (13)]
 74477 | Depths:3 | Reached skill level 13 in Long Blades
 74533 | Depths:3 | Noticed a greater mummy
 74543 | Depths:3 | Killed a greater mummy
 74543 | Depths:3 | Reached XP level 23. HP: 83/148 MP: 1/49
 75335 | Depths:4 | Noticed Saint Roka
 75422 | Depths:4 | Killed Saint Roka
 75651 | Depths:4 | Noticed the Enchantress
 75778 | Depths:4 | Reached skill level 14 in Long Blades
 75833 | Depths:4 | Found a one-way gate to the infinite horrors of the Abyss.
 77151 | Depths:4 | Reached skill level 17 in Fighting
 77333 | Depths:4 | Reached skill level 11 in Evocations
 78338 | Depths:5 | Entered Level 5 of the Depths
 78452 | Depths:5 | HP: 44/150 [deep troll earth mage/blast of rock fragments (20)]
 78453 | Depths:5 | HP: 20/150 [deep troll earth mage/blast of rock fragments (8)]
 78461 | Depths:5 | HP: 19/150 [deep troll earth mage (4)]
 78468 | Depths:4 | HP: 45/150 [deep troll earth mage (2)]
 79335 | Depths:5 | Reached skill level 12 in Evocations
 79992 | Depths:5 | Found a gate to the Realm of Zot.
 80311 | Depths:5 | Reached skill level 13 in Evocations
 80446 | Depths:4 | Killed the Enchantress
 80495 | Depths:4 | Got a faerie dragon armour
 80636 | D:15     | Identified the +0 faerie dragon armour {rElec rPois Str+3 Int-5} (You took it off the Enchantress on level 4 of the Depths)
 80902 | Orc:4    | Bought a scorched scale mail for 261 gold pieces
 80913 | Orc:4    | Identified the +3 scale mail "Magh" {rF+++} (You bought it in a shop on level 4 of the Orcish Mines)
 81043 | Lair:1   | Learned a level 3 spell: Regeneration
 81212 | Crypt:1  | Entered Level 1 of the Crypt
 81285 | Crypt:1  | Reached skill level 1 in Armour
 81289 | Crypt:1  | Reached XP level 24. HP: 157/157 MP: 2/49
 81468 | Crypt:1  | Reached skill level 2 in Armour
 81614 | Crypt:1  | Reached skill level 3 in Armour
 81736 | Crypt:1  | Reached skill level 4 in Armour
 81867 | Crypt:1  | Reached skill level 5 in Armour
 81885 | Crypt:1  | HP: 45/157 [ancient champion/great sword of draining (12)]
 81893 | Crypt:1  | HP: 23/157 [phantasmal warrior[an ancient champion] (23)]
 81924 | Crypt:1  | HP: 30/157 [something (11)]
 82641 | Crypt:2  | Reached skill level 6 in Armour
 83100 | Crypt:2  | Reached skill level 7 in Armour
 83925 | Crypt:2  | Reached skill level 8 in Armour
 84080 | Crypt:3  | Entered Level 3 of the Crypt
 84325 | Crypt:3  | Noticed Mennas
 84392 | Crypt:3  | HP: 35/157 [Mennas/eudemon blade of holy wrath (15)]
 84393 | Crypt:3  | HP: 11/157 [Mennas/eudemon blade of holy wrath (24)]
 84400 | Crypt:3  | HP: 4/157 [Mennas/eudemon blade of holy wrath (14)]
 84799 | Slime:1  | Entered Level 1 of the Pits of Slime
 84955 | Slime:3  | Reached skill level 9 in Armour
 85187 | Slime:6  | Entered Level 6 of the Pits of Slime
 85466 | Slime:6  | Noticed the royal jelly
 85694 | Slime:5  | Reached skill level 10 in Armour
 86481 | Slime:6  | Reached skill level 11 in Armour
 86819 | Slime:6  | Found a viscous altar of Jiyva.
 86918 | Slime:6  | Killed the royal jelly
 87488 | Slime:6  | Got a slimy falchion
 87499 | Slime:6  | Got a steaming chain mail
 87515 | Slime:6  | Got a twisted plate armour
 87529 | Slime:6  | Got a slimy rune of Zot
 87603 | Slime:6  | Identified the +5 chain mail of Gluttony {rF- rC++ Dex+5} (You found it on level 6 of the Pits of Slime)
 87604 | Slime:6  | Identified the +6 plate armour of the Equator {rElec rC+ rCorr Slay-4} (You found it on level 6 of the Pits of Slime)
 87612 | Slime:6  | Identified the +3 falchion of the Whale {drain, rN+ Int+6 SInv} (You found it on level 6 of the Pits of Slime)
 87863 | Lair:1   | Learned a level 1 spell: Summon Butterflies
 87914 | Lair:1   | Learned a level 7 spell: Orb of Destruction
 88270 | Zot:1    | Entered Level 1 of the Realm of Zot
 88401 | Zot:1    | Reached skill level 12 in Armour
 88403 | Zot:1    | Reached XP level 25. HP: 154/162 MP: 15/49
 89816 | Zot:1    | Reached skill level 13 in Armour
 90997 | Zot:2    | Reached skill level 16 in Conjurations
 91588 | Zot:2    | Upgraded the game from 0.17-a0-1301-ga863c44 to 0.17-a0-1311-gbcbd859
 91854 | Zot:2    | Reached skill level 14 in Armour
 92739 | Zot:2    | Found a burning altar of Makhleb.
 92755 | Zot:2    | Identified the Incunabulum of Fire and Brimstone
 92765 | Zot:2    | Identified Pumiqenkupp's Incunabulum of the Zealot
 93342 | Zot:3    | Reached skill level 15 in Armour
 93342 | Zot:3    | Reached skill level 17 in Conjurations
 93712 | Zot:3    | Reached XP level 26. HP: 161/168 MP: 3/49
 94145 | Zot:3    | Reached skill level 18 in Conjurations
 94479 | Zot:3    | Gained mutation: You are partially covered in rugged brown scales (AC +1, +3% HP). [potion of beneficial mutation]
 95474 | Crypt:3  | Killed Mennas
 95474 | Crypt:3  | Reached skill level 8 in Necromancy
 95723 | Crypt:3  | Reached skill level 21 in Spellcasting
 95902 | Crypt:3  | Found an ancient bone altar of Kikubaaqudgha.
 96032 | Crypt:3  | Reached skill level 9 in Necromancy
 96408 | Crypt:3  | Got an ichor-stained falchion
 96409 | Crypt:3  | Identified the cursed +1 falchion of Calamity {venom, rN++ MR+ Str+2 Int-5} (You found it on level 3 of the Crypt)
 96618 | Crypt:3  | Reached skill level 10 in Necromancy
 96634 | Crypt:3  | Reached skill level 1 in Invocations
 96710 | Crypt:3  | Reached skill level 2 in Invocations
 96720 | Crypt:3  | Reached skill level 3 in Invocations
 96747 | Crypt:3  | Noticed Jory
 96763 | Crypt:3  | Killed Jory
 96763 | Crypt:3  | Reached skill level 4 in Invocations
 96767 | Crypt:3  | HP: 50/173 [jiangshi (10)]
 97236 | Crypt:3  | Reached skill level 5 in Invocations
 97277 | Crypt:3  | HP: 45/173 [profane servitor/enchanted demon whip (12)]
 97414 | Crypt:3  | Reached skill level 6 in Invocations
 97497 | Crypt:3  | Reached skill level 7 in Invocations
 97500 | Crypt:3  | Reached skill level 22 in Spellcasting
 98136 | Crypt:3  | Found a staircase to the Tomb.
 98861 | Zot:2    | Reached skill level 8 in Invocations
 98934 | Zot:4    | Reached skill level 9 in Invocations
 99318 | Zot:4    | Reached skill level 10 in Invocations
 99448 | Zot:4    | Noticed an orb of fire
 99466 | Zot:4    | Killed an orb of fire
 99466 | Zot:4    | Reached skill level 11 in Invocations
 99725 | Zot:4    | Reached XP level 27. HP: 177/177 MP: 27/51
 99742 | Zot:4    | Reached skill level 12 in Invocations
 99820 | Zot:4    | Reached skill level 23 in Spellcasting
 99994 | Zot:4    | Reached skill level 13 in Invocations
100204 | Zot:4    | HP: 47/177 [purple draconian monk (9)]
100349 | Zot:4    | Reached skill level 14 in Evocations
100571 | Zot:4    | Reached skill level 14 in Invocations
101055 | Depths:5 | Upgraded the game from 0.17-a0-1311-gbcbd859 to 0.17-a0-1324-ga541562
101597 | Vaults:5 | Entered Level 5 of the Vaults
101601 | Vaults:5 | Noticed sqallbeste's ghost (great HOFi)
101914 | Vaults:5 | Noticed Xtahua
101980 | Vaults:4 | Reached skill level 15 in Invocations
102533 | Vaults:4 | Killed Xtahua
102732 | Vaults:5 | Killed sqallbeste's ghost
102732 | Vaults:5 | Reached skill level 15 in Evocations
103018 | Vaults:5 | Reached skill level 16 in Armour
103476 | Vaults:5 | Got a scintillating brass ring
103487 | Vaults:5 | Got a faintly glowing quarterstaff
103489 | Vaults:5 | Got a dazzling chain mail
103491 | Vaults:5 | Identified the ring "Leejoew" {Str+2 Dex+4} (You found it on level 5 of the Vaults)
103506 | Vaults:5 | Identified the +5 quarterstaff of Destiny {freeze, *Drain Int+2 Stlth+} (You found it on level 5 of the Vaults)
103770 | Vaults:5 | Reached skill level 19 in Dodging
103863 | Vaults:5 | Got a glittering platinum ring
103874 | Vaults:5 | Identified the ring "Fyufrien" {+cTele Dex+3 SInv} (You found it on level 5 of the Vaults)
103924 | Vaults:5 | Identified Iskenderun's Volume of Arcane Weapons
103930 | Vaults:5 | Got an ancient chain mail
103973 | Vaults:4 | Identified the +5 chain mail "Nywirch" {Dex+4} (You found it on level 5 of the Vaults)
103983 | Vaults:4 | Identified the +8 chain mail of the Equator {rC- rCorr Int+2 Slay+5} (You found it on level 5 of the Vaults)
104065 | Vaults:5 | HP: 49/177 [frost giant/bolt of cold (49)]
104072 | Vaults:5 | HP: 36/177 [frost giant/battleaxe of freezing (15)]
104301 | Vaults:5 | HP: 47/177 [titan (11)]
104421 | Vaults:5 | Noticed an ancient lich
104484 | Vaults:5 | Killed an ancient lich
104484 | Vaults:5 | Reached skill level 17 in Armour
104592 | Vaults:5 | Identified the Collected Works on Dislocation
104868 | Vaults:5 | Got a serpentine wooden ring
104926 | Vaults:5 | Got a silver rune of Zot
104932 | Vaults:5 | Identified the ring "Tapnu Xien" {+Fly MR+} (You found it on level 5 of the Vaults)
105261 | Lair:1   | Identified the Incunabulum of Flying Good Luck (You acquired it on level 1 of the Lair of Beasts)
105264 | Lair:1   | --wow haste and DMsl - handy!
105271 | Lair:1   | Learned a level 6 spell: Haste
105368 | D:6      | Bought 2 potions of heal wounds for 110 gold pieces
105368 | D:6      | Bought a wand of enslavement (8) for 110 gold pieces
105368 | D:6      | Bought a scroll of teleportation for 33 gold pieces
105545 | Orc:4    | Bought 2 potions of heal wounds for 290 gold pieces
105545 | Orc:4    | Bought a scroll of teleportation for 87 gold pieces
105600 | Orc:4    | Bought 2 potions of resistance for 500 gold pieces
106205 | Zot:5    | Entered Level 5 of the Realm of Zot
106974 | Zot:5    | Reached skill level 20 in Dodging
107004 | Zot:5    | Noticed an ancient lich
107010 | Zot:5    | Noticed an ancient lich
107010 | Zot:5    | Killed an ancient lich
107013 | Zot:5    | Noticed an ancient lich
107014 | Zot:5    | Killed an ancient lich
107014 | Zot:5    | Reached skill level 18 in Armour
107022 | Zot:5    | Noticed an orb of fire
107065 | Zot:5    | Killed an orb of fire
107065 | Zot:5    | Reached skill level 18 in Fighting
107074 | Zot:5    | Killed an ancient lich
107735 | Zot:5    | Noticed an ancient lich
107761 | Zot:5    | HP: 52/195 [phantasmal warrior[an ancient lich] (11)]
108060 | Zot:4    | Upgraded the game from 0.17-a0-1324-ga541562 to 0.17-a0-1337-ge651487
108324 | Depths:2 | Killed a caustic shrike
108362 | Depths:1 | Bought a book of Cantrips for 220 gold pieces
108364 | Depths:1 | Learned a level 1 spell: Apportation
108390 | Depths:1 | Noticed 4thArraOfDagon's ghost (powerful TrHu)
108395 | Depths:1 | Killed 4thArraOfDagon's ghost
108425 | Depths:1 | HP: 53/181 [acid (6)]
108425 | Depths:1 | HP: 22/181 [acid (8)]
108550 | Depths:1 | Killed a caustic shrike
108554 | Depths:1 | Killed a caustic shrike
108929 | Zot:4    | Reached skill level 19 in Armour
108989 | Zot:5    | Noticed an orb of fire
108999 | Zot:5    | Killed an orb of fire
108999 | Zot:5    | Reached skill level 19 in Fighting
109006 | Zot:5    | Noticed an ancient lich
109017 | Zot:4    | Killed an ancient lich
109129 | Zot:5    | Killed an ancient lich
109246 | Zot:5    | HP: 49/182 [??? (38)]
109758 | Zot:5    | Got the Orb of Zot
109796 | Zot:5    | Noticed Ewiegeng the pandemonium lord
109815 | Zot:4    | Noticed a seraph
110089 | Zot:2    | Noticed a seraph
110425 | D:15     | Noticed Vukuemes the pandemonium lord
110861 | D:$      | Escaped with the Orb!

Vault maps used:
D:1:      minmay_arrival_floating_metal, minmay_misc_feat_pillars,
          kennysheep_nondescript
D:2:      grunt_gozag_breadcrumbs, uniq_robin
D:3:      okawaru_gym_becter, uniq_crazy_yiuf_cottage
D:4:      kennysheep_cluttered_room
D:5:      serial_shops, shop, first_bread
D:6:      grunt_temple_overflow_open, minmay_temple_entry_from_below_a,
          serial_shops, kennysheep_little_box
D:7:      lemuel_crystal_altar, grunt_livestock, uniq_duvessa, uniq_menkaure
D:8:      basic_altar, uniq_erica, uniq_maurice
D:9:      amethyst_overflow_temple_binary, serial_shops, shop, uniq_grum,
          uniq_erolcha
D:10:     erik_lair_orcish_takeover, hiddenorc1_lemuel, enter_bailey_2,
          enter_trove_3, serial_shops, shop_coins, eino_tiny_chamber,
          nicolae_elemental_shop
D:11:     serial_co_window_serial, co_window_corner_a, co_window_paths_b,
          co_window_paths_a, co_window_paths_b, co_window_paths_b,
          co_window_of_opportunity_b, co_window_corner_b, co_window_corner_ca,
          co_window_corner_b, co_window_corner_cb, co_window_paths_e,
          co_window_4corner_b, glass_columns_b, glass_columns_a, glass_columns_a
D:13:     statuecave_lemuel, hangedman_vaults_entry_quadrant_bands,
          serial_shops, shop_statue, eino_small_chamber_without_monster
D:14:     serial_co_window_serial, co_window_paths_a,
          co_window_of_opportunity_a, co_window_paths_a, co_window_paths_a,
          co_window_paths_a, co_window_paths_b, co_window_cross_2,
          co_window_cross_3, co_window_corner_ca, co_window_corner_cb,
          co_window_2corner, co_window_2corner, co_window_paths_d, uniq_agnes
D:15:     hangedman_depths_entry_try_elsewhere_first,
          minmay_misc_feat_diagonals, st_stairs_3
Temple:   nicolae_temple_figure_eight
Lair:1:   special_room, minivault_27, grunt_megastairs_3
Lair:2:   fungi_pond_lemuel, nicolae_quartered_pool_super,
          infiniplex_staircase_pool_2
Lair:4:   portal_ice_cave_entry_imps, infiniplex_staircase_pool
Lair:5:   minmay_shoals_entry_centaurs, lemuel_fruit_tree, grunt_megastairs_1
Lair:6:   spider_nest_entry_funnel_web, special_room, basic_altar
Lair:7:   minmay_slime_entry_pillars, basic_altar
Lair:8:   evil_forest, uniq_rupert
Shoals:1: nicolae_shoals_kraken_intersection
Shoals:4: serial_shops, shop, shoals_end_simple, shoal_ilsuiw
Spider:1: spider_trap
Spider:2: spider_trap
Spider:3: uniq_donald
Spider:4: spider_rune_water, special_room, uniq_arachne
Slime:1:  basic_altar
Orc:1:    nicolae_volcano_entry_s_turn, uniq_nergalle, uniq_fannar
Orc:2:    serial_shops, shop
Orc:3:    minmay_goldmine, basic_altar, nicolae_orc_pool_cavern
Orc:4:    st_orc_town, uniq_azrael
Elf:1:    elf_arrival_001, serial_shops, shop, hangedman_corner_corridor,
          hangedman_elf_represent
Elf:2:    basic_altar, minmay_misc_feat_cross, uniq_aizul, uniq_jorgrun
Elf:3:    minmay_elf_hall_golems, uniq_mara
Vaults:1: vaults_room_hallway, grunt_vaults_bifocal, v_misc_24, v_misc_25,
          nicolae_vaults_alarming, v_misc_18, vaults_dpeg_encased_lava,
          hangedman_vaults_nodes, nicolae_vaults_mini_display_case,
          ontoclasm_vaults_tryst, vaults_room_grunt_arrival_ludios,
          nicolae_vaults_big_angled_halls, nicolae_vaults_little_ls,
          nicolae_vaults_sealed_display, st_lattice,
          ontoclasm_vaults_ring_square
Vaults:2: hangedman_vaults_impose, nicolae_vaults_twisting_passages,
          vaults_room_stairs_pillars, v_misc_31, v_misc_29,
          nicolae_vaults_rhombus_6, vaults_mumra_lcd,
          nicolae_vaults_stairing_the_circle, hangedman_vaults_trim,
          hangedman_vaults_stitches, minmay_crypt_entry_necro_gods,
          vaults_room_pools, vaults_room_grid, nicolae_vaults_little_squares_5,
          uniq_nikola, uniq_norris
Vaults:3: v_misc_1, nicolae_vaults_asterisk, vaults_room_door_ring,
          vaults_mumra_hex, vaults_standard_mumra_x
Vaults:4: ontoclasm_vaults_eye, grunt_vaults_hallway_short,
          ontoclasm_vaults_ring_large, nicolae_vaults_theta, vaults_room_pool,
          ontoclasm_vaults_gateway, nicolae_vaults_diagonal_hallway_8,
          grunt_vaults_twisty, v_alt_pattern_3,
          hangedman_vaults_stretched_pinwheel, vaults_dpeg_ring,
          ontoclasm_vaults_ring_small, hangedman_vaults_stagger, v_misc_5,
          nicolae_vaults_little_squares_4, serial_shops, statue_bzr
Vaults:5: uniq_xtahua
Crypt:1:  grunt_crypt_arrival_split
Crypt:2:  minmay_misc_feat_columns, grunt_ministairs_13, feat_on_display
Crypt:3:  grunt_crypt_end_deaths_head, uniq_mennas
Depths:1: serial_shops, kennysheep_mini_moat, pf_vacation_house_of_asmodeus,
          minmay_misc_feat_doors, nicolae_blasting_shop,
          kennysheep_random_hallway
Depths:2: grunt_twisty_corner, enter_ziggurat_b, hell_entry,
          minmay_staircase_bubble, serial_bayou_shore_b
Depths:3: lemuel_minitomb, rand_demon_pan_entry_1, hell_entry,
          nicolae_rare_books, infiniplex_staircase_x, serial_bayou_shore_a,
          roderic_lattice_octagonal_star
Depths:4: hangedman_cross_veins, hangedman_abyss_entry_splay, pan_entry,
          hell_entry, columned_hall_lemuel, dispersion_dpeg,
          infiniplex_staircase_spiral_double, uniq_saint_roka, uniq_enchantress
Depths:5: grunt_twist_and_shout, abyss_entry_crystal, hell_entry,
          basic_stair_grate_trap
Zot:1:    evilmike_crystal_ball_defense, hangedman_zot_decor_scrapings
Zot:2:    nicolae_zot_draconian_monastery
Zot:4:    lemuel_firehouse
Bazaar:   bazaar_kb_twisted_cavern
IceCv:    ice_cave_statue_garden_01
Volcano:  volcano_grotto

Action                   |  1- 3 |  4- 6 |  7- 9 | 10-12 | 13-15 | 16-18 | 19-21 | 22-24 | 25-27 || total
-------------------------+-------+-------+-------+-------+-------+-------+-------+-------+-------++-------
Melee: Falchion          |       |     6 |       |       |       |    75 |    18 |       |       ||    99
       Rapier            |       |       |     1 |       |       |       |    14 |       |       ||    15
       Staff             |       |       |     1 |    22 |    25 |     7 |     1 |     6 |    14 ||    76
       Dagger            |       |       |     9 |       |       |       |       |       |       ||     9
       Quarterstaff      |       |       |       |       |     2 |       |       |       |       ||     2
       Demon blade       |       |       |       |       |       |       |    17 |   648 |  1078 ||  1743
       Eudemon blade     |       |       |       |       |       |       |       |       |   471 ||   471
Throw: Tomahawk          |       |       |       |       |     2 |       |       |       |       ||     2
 Cast: Magic Dart        |    59 |    72 |   158 |   318 |  1042 |   588 |   588 |   305 |    39 ||  3169
       Searing Ray       |     2 |    10 |    34 |    45 |    18 |       |       |       |       ||   109
       Dazzling Spray    |       |     2 |    15 |    29 |    86 |   283 |    83 |    45 |    28 ||   571
       Fulminant Prism   |       |       |     8 |    21 |    11 |       |       |       |       ||    40
       Iskenderun's Myst |       |       |     4 |    14 |    59 |   248 |   248 |   279 |   226 ||  1078
       Iskenderun's Batt |       |       |     8 |    81 |   221 |   207 |   172 |   107 |    85 ||   881
       Sublimation of Bl |       |       |     1 |     7 |     5 |       |       |     3 |       ||    16
       Ozocubu's Armour  |       |       |       |       |    10 |    24 |    11 |    34 |       ||    79
       Repel Missiles    |       |       |       |       |     3 |     1 |     4 |     5 |     9 ||    22
       Blink             |       |       |       |       |       |     8 |     1 |     4 |    11 ||    24
       Control Teleport  |       |       |       |       |       |     1 |       |       |     6 ||     7
       Iron Shot         |       |       |       |       |       |     2 |    60 |   254 |   527 ||   843
       Freezing Cloud    |       |       |       |       |       |       |    64 |    58 |    32 ||   154
       Dispel Undead     |       |       |       |       |       |       |     9 |    62 |    72 ||   143
       Swiftness         |       |       |       |       |       |       |       |     2 |     1 ||     3
       Regeneration      |       |       |       |       |       |       |       |     4 |    88 ||    92
       Orb of Destructio |       |       |       |       |       |       |       |       |     1 ||     1
       Apportation       |       |       |       |       |       |       |       |       |     1 ||     1
 Abil: Spit Poison       |       |       |     1 |     3 |     1 |       |       |       |       ||     5
       Evoke Flight      |       |       |       |       |       |     8 |       |       |       ||     8
Evoke: Wand              |       |       |       |       |     8 |     6 |     1 |     9 |     8 ||    32
       Staff of energy   |       |       |       |       |       |    96 |    23 |   235 |  1019 ||  1373
       Sack of spiders   |       |       |       |       |       |       |       |     2 |       ||     2
       Phantom mirror    |       |       |       |       |       |       |       |     1 |       ||     1
       Rod               |       |       |       |       |       |       |       |       |     7 ||     7
  Use: Scroll            |     4 |     7 |    13 |     7 |    15 |    16 |     7 |    21 |    24 ||   114
       Potion            |       |       |       |     1 |     2 |     3 |       |     8 |     6 ||    20
 Stab: Sleeping          |       |     1 |       |       |     1 |       |     1 |     2 |       ||     5
       Invisible         |       |       |       |       |     1 |     7 |       |       |     5 ||    13
       Distracted        |       |       |       |       |       |       |       |       |     6 ||     6
  Eat: Chunk             |     1 |     4 |    17 |    31 |    61 |    23 |    36 |    39 |    72 ||   284
       Royal jelly       |       |       |     1 |       |       |     1 |       |       |       ||     2
       Pizza             |       |       |       |     1 |     2 |     3 |     1 |     4 |     2 ||    13
       Beef jerky        |       |       |       |     1 |     1 |     5 |       |       |       ||     7
       Bread ration      |       |       |       |       |     1 |     1 |     2 |     5 |       ||     9
       Meat ration       |       |       |       |       |       |     3 |       |     1 |    10 ||    14
       Fruit             |       |       |       |       |       |     3 |       |     1 |     4 ||     8

Table legend:
 A = Turns spent in this place as a percentage of turns spent in the entire game.
 B = Non-inter-level travel turns spent in this place as a percentage of non-inter-level travel turns spent in the entire game.
 C = Inter-level travel turns spent in this place as a percentage of turns spent in this place.
 D = Turns resting spent in this place as a percentage of non-inter-level travel turns spent in this place.
 E = Turns spent auto-exploring this place as a percentage of non-inter-level travel turns spent in this place.
 F = Non-inter-level travel turns spent in this place divided by the number of levels of this place that you've seen.
                   A       B       C       D       E      F
               +-------+-------+-------+-------+-------+----------------------
         Total | 100.0 | 100.0 |   0.7 |   3.3 |   2.5 | 708.8
       Dungeon |  14.0 |  13.9 |   1.3 |   3.1 |   5.2 | 434.3
        Temple |   0.1 |   0.1 |   2.8 |   0.0 |  40.0 |  35.0
          Lair |  10.0 |   9.9 |   1.6 |   3.6 |   3.3 | 578.8
        Shoals |   5.9 |   5.9 |   0.5 |   2.8 |   0.7 | 686.8
   Spider Nest |   5.6 |   5.6 |   0.6 |   4.7 |   3.6 | 653.0
    Slime Pits |   2.8 |   2.8 |   0.5 |   4.9 |   0.1 | 221.0
  Orcish Mines |   6.5 |   6.5 |   0.6 |   1.6 |   1.5 | 755.8
   Elven Halls |   4.1 |   4.1 |   0.7 |   3.7 |   3.6 | 633.7
        Vaults |  15.5 |  15.6 |   0.3 |   2.5 |   1.6 | 1455.6
         Crypt |   6.4 |   6.5 |   0.3 |   2.9 |   1.9 | 1007.0
        Depths |  13.5 |  13.4 |   0.9 |   5.1 |   2.7 | 1258.4
           Zot |  14.7 |  14.8 |   0.4 |   2.6 |   1.3 | 1381.4
        Bazaar |   0.2 |   0.2 |   0.0 |   0.0 |   4.1 |  97.0
      Ice Cave |   0.2 |   0.2 |   0.0 |   9.5 |   0.0 | 105.0
       Volcano |   0.6 |   0.6 |   0.0 |  11.6 |   1.0 | 294.0
               +-------+-------+-------+-------+-------+----------------------

Vault maps used:
D:1:      minmay_arrival_floating_metal, minmay_misc_feat_pillars,
          kennysheep_nondescript
D:2:      grunt_gozag_breadcrumbs, uniq_robin
D:3:      okawaru_gym_becter, uniq_crazy_yiuf_cottage
D:4:      kennysheep_cluttered_room
D:5:      serial_shops, shop, first_bread
D:6:      grunt_temple_overflow_open, minmay_temple_entry_from_below_a,
          serial_shops, kennysheep_little_box
D:7:      lemuel_crystal_altar, grunt_livestock, uniq_duvessa, uniq_menkaure
D:8:      basic_altar, uniq_erica, uniq_maurice
D:9:      amethyst_overflow_temple_binary, serial_shops, shop, uniq_grum,
          uniq_erolcha
D:10:     erik_lair_orcish_takeover, hiddenorc1_lemuel, enter_bailey_2,
          enter_trove_3, serial_shops, shop_coins, eino_tiny_chamber,
          nicolae_elemental_shop
D:11:     serial_co_window_serial, co_window_corner_a, co_window_paths_b,
          co_window_paths_a, co_window_paths_b, co_window_paths_b,
          co_window_of_opportunity_b, co_window_corner_b, co_window_corner_ca,
          co_window_corner_b, co_window_corner_cb, co_window_paths_e,
          co_window_4corner_b, glass_columns_b, glass_columns_a, glass_columns_a
D:13:     statuecave_lemuel, hangedman_vaults_entry_quadrant_bands,
          serial_shops, shop_statue, eino_small_chamber_without_monster
D:14:     serial_co_window_serial, co_window_paths_a,
          co_window_of_opportunity_a, co_window_paths_a, co_window_paths_a,
          co_window_paths_a, co_window_paths_b, co_window_cross_2,
          co_window_cross_3, co_window_corner_ca, co_window_corner_cb,
          co_window_2corner, co_window_2corner, co_window_paths_d, uniq_agnes
D:15:     hangedman_depths_entry_try_elsewhere_first,
          minmay_misc_feat_diagonals, st_stairs_3
Temple:   nicolae_temple_figure_eight
Lair:1:   special_room, minivault_27, grunt_megastairs_3
Lair:2:   fungi_pond_lemuel, nicolae_quartered_pool_super,
          infiniplex_staircase_pool_2
Lair:4:   portal_ice_cave_entry_imps, infiniplex_staircase_pool
Lair:5:   minmay_shoals_entry_centaurs, lemuel_fruit_tree, grunt_megastairs_1
Lair:6:   spider_nest_entry_funnel_web, special_room, basic_altar
Lair:7:   minmay_slime_entry_pillars, basic_altar
Lair:8:   evil_forest, uniq_rupert
Shoals:1: nicolae_shoals_kraken_intersection
Shoals:4: serial_shops, shop, shoals_end_simple, shoal_ilsuiw
Spider:1: spider_trap
Spider:2: spider_trap
Spider:3: uniq_donald
Spider:4: spider_rune_water, special_room, uniq_arachne
Slime:1:  basic_altar
Orc:1:    nicolae_volcano_entry_s_turn, uniq_nergalle, uniq_fannar
Orc:2:    serial_shops, shop
Orc:3:    minmay_goldmine, basic_altar, nicolae_orc_pool_cavern
Orc:4:    st_orc_town, uniq_azrael
Elf:1:    elf_arrival_001, serial_shops, shop, hangedman_corner_corridor,
          hangedman_elf_represent
Elf:2:    basic_altar, minmay_misc_feat_cross, uniq_aizul, uniq_jorgrun
Elf:3:    minmay_elf_hall_golems, uniq_mara
Vaults:1: vaults_room_hallway, grunt_vaults_bifocal, v_misc_24, v_misc_25,
          nicolae_vaults_alarming, v_misc_18, vaults_dpeg_encased_lava,
          hangedman_vaults_nodes, nicolae_vaults_mini_display_case,
          ontoclasm_vaults_tryst, vaults_room_grunt_arrival_ludios,
          nicolae_vaults_big_angled_halls, nicolae_vaults_little_ls,
          nicolae_vaults_sealed_display, st_lattice,
          ontoclasm_vaults_ring_square
Vaults:2: hangedman_vaults_impose, nicolae_vaults_twisting_passages,
          vaults_room_stairs_pillars, v_misc_31, v_misc_29,
          nicolae_vaults_rhombus_6, vaults_mumra_lcd,
          nicolae_vaults_stairing_the_circle, hangedman_vaults_trim,
          hangedman_vaults_stitches, minmay_crypt_entry_necro_gods,
          vaults_room_pools, vaults_room_grid, nicolae_vaults_little_squares_5,
          uniq_nikola, uniq_norris
Vaults:3: v_misc_1, nicolae_vaults_asterisk, vaults_room_door_ring,
          vaults_mumra_hex, vaults_standard_mumra_x
Vaults:4: ontoclasm_vaults_eye, grunt_vaults_hallway_short,
          ontoclasm_vaults_ring_large, nicolae_vaults_theta, vaults_room_pool,
          ontoclasm_vaults_gateway, nicolae_vaults_diagonal_hallway_8,
          grunt_vaults_twisty, v_alt_pattern_3,
          hangedman_vaults_stretched_pinwheel, vaults_dpeg_ring,
          ontoclasm_vaults_ring_small, hangedman_vaults_stagger, v_misc_5,
          nicolae_vaults_little_squares_4, serial_shops, statue_bzr
Vaults:5: uniq_xtahua
Crypt:1:  grunt_crypt_arrival_split
Crypt:2:  minmay_misc_feat_columns, grunt_ministairs_13, feat_on_display
Crypt:3:  grunt_crypt_end_deaths_head, uniq_mennas
Depths:1: serial_shops, kennysheep_mini_moat, pf_vacation_house_of_asmodeus,
          minmay_misc_feat_doors, nicolae_blasting_shop,
          kennysheep_random_hallway
Depths:2: grunt_twisty_corner, enter_ziggurat_b, hell_entry,
          minmay_staircase_bubble, serial_bayou_shore_b
Depths:3: lemuel_minitomb, rand_demon_pan_entry_1, hell_entry,
          nicolae_rare_books, infiniplex_staircase_x, serial_bayou_shore_a,
          roderic_lattice_octagonal_star
Depths:4: hangedman_cross_veins, hangedman_abyss_entry_splay, pan_entry,
          hell_entry, columned_hall_lemuel, dispersion_dpeg,
          infiniplex_staircase_spiral_double, uniq_saint_roka, uniq_enchantress
Depths:5: grunt_twist_and_shout, abyss_entry_crystal, hell_entry,
          basic_stair_grate_trap
Zot:1:    evilmike_crystal_ball_defense, hangedman_zot_decor_scrapings
Zot:2:    nicolae_zot_draconian_monastery
Zot:4:    lemuel_firehouse
Bazaar:   bazaar_kb_twisted_cavern
IceCv:    ice_cave_statue_garden_01
Volcano:  volcano_grotto
